[Event "Early-Titled-Tuesday-Blitz-October-24-2023"]
[Site "Chess.com"]
[Date "2023.10.24"]
[Round "4"]
[White "Ural_bogatyr"]
[Black "OK97"]
[Result "0-1"]
[WhiteElo "2548"]
[BlackElo "2777"]
[TimeControl "180+1"]
[EndTime "8:38:40 PDT"]
[Termination "OK97 won on time"]

1. d4 Nf6 2. Nc3 d5 3. Bf4 c5 4.
e4 Nxe4 5. Nxe4 dxe4 6. dxc5 Qa5+ 7.
c3 Qxc5 8. Qa4+ Nc6 9. Qxe4 g6 10.
Nf3 Bg7 11. Qe3 Qxe3+ 12. Bxe3 O-O 13. Be2 e5 14. O-O h6 15. a4 Be6 16. a5 a6 17. Nd2 f5 18. Rfd1 e4 19. Bc4 Kf7 20. Bb6 Ne5 21. Bxe6+ Kxe6 22. f3 exf3 23. Nxf3 Nxf3+ 24. gxf3 Rfe8 25. Kf2 Be5 26. h3 Rac8 27. Re1 Kf7 28.
Rad1 Re7 29. Re2 Rce8 30. Red2 h5 31. Rd7 h4 32. Rxe7+ Rxe7 33. Kf1 Bg3 34. Bf2 Bxf2 35. Kxf2 Kf6 36. Rd6+ Kg5 37. c4 Rc7 38. b3 Rc5 39.
Rb6 Rxa5 40. Ke3 Re5+ 41. Kf2 Re7 42. b4 Rc7 43. c5 Rd7 44. Ke3 Re7+ 45. Kf2 Rc7 46.
Ke3 Rd7 47. f4+ Kh5 48. Rd6 Re7+ 49. Kf3 Re4 50. Rd8 Kh6 51. Rd6 Rxb4 0-1

[Event "Early-Titled-Tuesday-Blitz-October-24-2023"]
[Site "Chess.com"]
[Date "2023.10.24"]
[Round "4"]
[White "AlexOstrovskiy"]
[Black "Shivananda1964"]
[Result "0-1"]
[WhiteElo "2599"]
[BlackElo "2407"]
[TimeControl "180+1"]
[EndTime "8:38:40 PDT"]
[Termination "Shivananda1964 won by checkmate"]

1. e4 Nc6 2. Nc3 Nf6 3. Bc4 Nxe4 4. Qh5 Nd6 5. Bb3 e6 6. Nf3 g6 7. Qh3 Bg7 8. d3 Nf5 9. Bg5 f6 10. Bd2 Ncd4 11. O-O-O O-O 12. g4 Nxb3+ 13. axb3 Ne7 14. g5 f5 15. d4 b6 16. Rhe1 Bb7 17. Ne5 f4 18. Qg4 Nf5 19. Bxf4 d6 20. Nd3 Nxd4 21. Ne2 Bf3 22. Qh3 Bxe2 23. Rd2 Bxd3 24. Be3 Bf5 25.
Qg3 c5 26. h4 Qd7 27. h5 Qc6 28.
h6 Be5 29. f4 Bh8 30. Rf1 b5 31. Bxd4 Bxd4 32. Rfd1 b4 33. c3 bxc3 34. bxc3 Qe4 35. Kb2 Bh8 36. Re1 Qc6 37. Qe3 Rab8 38. Ra1 Qb6 39. Ra3 Rb7 40. Ka2 Rfb8 41. Rb2 a5 42.
Ra4 c4 43. Qxb6 Rxb6 44. Rxc4 a4 45. Rxa4 Bxc3 46. Ra3 Bxb2 47. Kxb2 e5 48. fxe5 dxe5 49. Kc3 e4 50. Ra7 Rxb3+ 51. Kd4 R3b7 52. Ra6 Rd8+ 53. Ke5 Rb5+ 54. Kf6 Rb7 55. Ke5 e3 56. Ra2 Re8+ 57.
Kf4 e2 58. Ra8 Rxa8 59. Ke5 e1=Q+ 60. Kf6 Qe7# 0-1

[Event "Early-Titled-Tuesday-Blitz-October-24-2023"]
[Site "Chess.com"]
[Date "2023.10.24"]
[Round "4"]
[White "zajka-molotok"]
[Black "IsuruAlahakoon"]
[Result "1-0"]
[WhiteElo "2552"]
[BlackElo "2337"]
[TimeControl "180+1"]
[EndTime "8:38:40 PDT"]
[Termination "zajka-molotok won on time"]

1. e4 d5 2. exd5 Qxd5 3. Nc3 Qa5 4. d4 Nf6 5. Nf3 Bg4 6. h3 Bh5 7. g4 Bg6 8. Ne5 e6 9. Bg2 c6 10. Bd2 Bb4 11. h4 Bxc3 12. Bxc3 Qc7 13. Qe2 Nfd7 14. h5 Nxe5 15. dxe5 Nd7 16. hxg6 fxg6 17. O-O-O O-O-O 18. f4 Nb6 19. Rxd8+ Qxd8 20. Ba5 Qd4 21. Bxb6 axb6 22.
Qd2 Qc4 23. b3 Qc5 24. Kb2 Rd8 25. Qc3 Qf2 26. Bxc6 bxc6 27. Qxc6+ Kb8 28. Rxh7 Qd4+ 29. Qc3 Qxf4 30. Rxg7 Rc8 31. Qe1 Qd4+ 32. Kb1 Qc5 33.
Qd1 Qxe5 34. Rd7 Qc3 35. Rd8 Qc7 36. Rxc8+ Kxc8 37. Qe2 Qd6 38. Qd3 Qe5 39. Qa6+ Kc7 40. Qa7+ Kc6 41. Qa8+ Kc7 42. Qa7+ Kc6 43. Qa4+ Kc7 44.
Qc4+ Kb7 45. a4 Qe1+ 46. Ka2 Qe5 47. Qd3 Qc5 48. Qxg6 Ka6 49. Qd3+ Ka7 50. Qe4 e5 51. g5 Qe7 52. g6 Qf6 53. Kb1 1-0

[Event "Early-Titled-Tuesday-Blitz-October-24-2023"]
[Site "Chess.com"]
[Date "2023.10.24"]
[Round "4"]
[White "Fh2411"]
[Black "carloseduar100"]
[Result "1-0"]
[WhiteElo "2512"]
[BlackElo "2322"]
[TimeControl "180+1"]
[EndTime "8:38:40 PDT"]
[Termination "Fh2411 won by checkmate"]

1. d4 d5 2. Nf3 c6 3. Bf4 Bf5 4.
c4 e6 5. Nc3 Nf6 6. e3 Bb4 7. Qb3 Qa5 8. a3 Bxc3+ 9. bxc3 Qb6 10. Qb4 dxc4 11. Bxc4 Nbd7 12. O-O a5 13. Qa4 Ne4 14.
Rac1 Qb2 15. Qb3 Qxb3 16. Bxb3 O-O 17. h3 h6 18. Rfe1 c5 19. Ba4 Ndf6 20. c4 cxd4 21.
exd4 Rac8 22. Re2 Rfd8 23. Rb2 Nd6 24. c5 b5 25. Bxb5 Nxb5 26. Rxb5 Be4 27. Be3 Bxf3 28. gxf3 Ra8 29. c6 Nd5 30. Rcc5 Rdc8 31. Bd2 a4 32.
Ba5 Ra6 33. c7 Kh7 34. Rb8 Ne7 35. Rcb5 Rc6 36. Kg2 R8xc7 37. Bxc7 Rxc7 38. R5b7 Rxb7 39. Rxb7 Nd5 40. Rxf7 Nc3 41. Ra7 Nb5 42. Rxa4 Kg6 43. Kg3 Kf6 44. Kf4 g5+ 45. Ke3 Kf5 46. Ra5 e5 47. Rxb5 g4 48. Rxe5+ Kg6 49. hxg4 h5 50.
gxh5+ Kh6 51. a4 Kh7 52. a5 Kh6 53. a6 Kg7 54. a7 Kh6 55. a8=Q Kg7 56. Qc6 Kf8 57.
Rb5 Ke7 58. Rb7+ Kd8 59. Qd7# 1-0

[Event "Early-Titled-Tuesday-Blitz-October-24-2023"]
[Site "Chess.com"]
[Date "2023.10.24"]
[Round "4"]
[White "SchmakAttack"]
[Black "HeroRubiksCube"]
[Result "1/2-1/2"]
[WhiteElo "2753"]
[BlackElo "2542"]
[TimeControl "180+1"]
[EndTime "8:38:41 PDT"]
[Termination "Game drawn by repetition"]

1. e4 e6 2. Nf3 d5 3. Nc3 Nf6 4. e5 Nfd7 5. d4 c5 6. Bg5 Qb6 7. dxc5 Bxc5 8. Qd2 Nc6 9. Na4 Qc7 10. Nxc5 Nxc5 11.
Qe3 Ne4 12. Bf4 b6 13. Nd4 Nxd4 14. Qxd4 Bd7 15. Bd3 Qc5 16. Be3 Qxd4 17. Bxd4 Nc5 18.
Be2 O-O 19. O-O-O Rfc8 20. Kb1 a5 21. Bf3 a4 22. c4 Ne4 23. cxd5 exd5 24. Bxb6 Be6 25.
Bd4 a3 26. b3 Rc6 27. Bxe4 dxe4 28. Rc1 Rxc1+ 29. Rxc1 Bf5 30. Be3 h5 31. Rc5 Rd8 32.
Kc2 Kh7 33. Ra5 Rc8+ 34. Kd2 Rd8+ 35. Ke2 Rc8 36. Bc5 Bg4+ 37. Ke3 Rd8 38. Bd4 Rc8 39. Rxa3 Rc2 40. Kxe4 Re2+ 41. Be3 Kg6 42. Ra6+ f6 43. exf6 gxf6 44. a4 Rb2 45. Rb6 Bf5+ 46. Kf4 Bc2 47. a5 Rxb3 48. Rxb3 Bxb3 49. Ke4 Bc2+ 50. Kd4 Ba4 51. Kc5 Bc2 52. f3 Bd3 53. a6 Bxa6 54. Kd4 Bf1 55. g3 Bg2 56. f4 Ba8 57. Bg1 f5 58. Ke5 Bb7 59. Bd4 Ba8 60. Be3 Be4 61. Bd4 Bf3 62. Be3 Be4 63. Bd4 Bf3 64. Be3 Be4 1/2-1/2

[Event "Early-Titled-Tuesday-Blitz-October-24-2023"]
[Site "Chess.com"]
[Date "2023.10.24"]
[Round "4"]
[White "hsd2016"]
[Black "tarno17"]
[Result "1-0"]
[WhiteElo "2282"]
[BlackElo "2106"]
[TimeControl "180+1"]
[EndTime "8:38:42 PDT"]
[Termination "hsd2016 won by checkmate"]

1. e4 c5 2. Nf3 e6 3. d4 cxd4 4.
Nxd4 a6 5. Nc3 Qc7 6. a3 b5 7.
Be3 Bb7 8. f3 Nf6 9. Be2 d5 10.
exd5 Nxd5 11. Nxd5 Bxd5 12. O-O Bc5 13. Kh1 O-O 14. Qc1 Nd7 15. c3 Nb6 16. Nc2 Nc4 17. Bxc5 Qxc5 18. Bxc4 Bxc4 19. Re1 Rfd8 20. Qf4 h6 21.
Nd4 Rd5 22. Qg3 Rg5 23. Qh4 Rd8 24. Rad1 Rgd5 25. f4 Rh5 26. Qg4 Rhd5 27. Rd2 a5 28. Rf2 b4 29. axb4 axb4 30. f5 exf5 31. Rxf5 Rxf5 32. Nxf5 Qf8 33. Ne7+ Kh8 34. Nc6 Bd5 35.
Nxd8 Qxd8 36. Qxb4 Qg5 37. Qb8+ Kh7 38. Qg3 Qd2 39.
Rg1 Qxb2 40. Qe3 Qc2 41. Qd4 Be6 42. h3 Qb3 43. Qe5 Qc4 44. Re1 Qd3 45. Kh2 Qd2 46.
Re3 Qf2 47. Rg3 g6 48. Qd4 Qf6 49. Qxf6 h5 50. h4 Kh6 51. Re3 Kh7 52. Rxe6 fxe6 53.
Qxe6 Kh6 54. c4 Kg7 55. Qe7+ Kh6 56. Qf8+ Kh7 57. c5 g5 58. hxg5 h4 59. Qf7+ Kh8 60.
g6 h3 61. Qh7# 1-0

[Event "Early-Titled-Tuesday-Blitz-October-24-2023"]
[Site "Chess.com"]
[Date "2023.10.24"]
[Round "4"]
[White "DTChess"]
[Black "MidnightFox"]
[Result "1-0"]
[WhiteElo "2686"]
[BlackElo "2487"]
[TimeControl "180+1"]
[EndTime "8:38:44 PDT"]
[Termination "DTChess won on time"]

1. e4 c5 2. Nf3 d6 3. Nc3 Nf6 4. d4 cxd4 5. Nxd4 a6 6. Be2 e5 7. Nb3 Be7 8. Bg5 O-O 9. Bxf6 Bxf6 10. Nd5 Be6 11. Qd3 Nd7 12. O-O-O Bg5+ 13. Kb1 Nc5 14. Nxc5 dxc5 15. c3 b5 16. Qg3 Bxd5 17. Rxd5 Qf6 18. Qxe5 Qxf2 19. Bf3 Bf6 20. Qg3 Qxg3 21. hxg3 Rac8 22.
e5 Be7 23. Rd7 Rfe8 24. Ra7 Bg5 25. Re1 Bf6 26. Rxa6 Rxe5 27. Rxe5 Bxe5 28. g4 b4 29.
Kc2 g6 30. Ra7 Rc7 31. Ra8+ Kg7 32. a4 bxa3 33. bxa3 f5 34. gxf5 gxf5 35. a4 c4 36. a5 Bd6 37. a6 Bc5 38. Rd8 Kf6 39. Bb7 Kg5 40. Rd5 Bg1 41. Ra5 Ba7 42. Be4 Rf7 43. Bf3 Kf4 44. Bd5 Re7 45. Bxc4 Ke3 46. Rxf5 Rc7 47.
Kb3 h5 48. Rxh5 Kd2 49. Rd5+ Ke3 50. Rd3+ Kf2 51. Bd5 Ke2 52. Rh3 Kf2 53. Bb7 Ke2 54. Rh8 Kd2 55. Rd8+ Ke3 56. g4 Rg7 57. Bc8 Rc7 58.
g5 Rg7 59. Rd5 Ke4 60. Rb5 Kd3 61. Be6 1-0

[Event "Early-Titled-Tuesday-Blitz-October-24-2023"]
[Site "Chess.com"]
[Date "2023.10.24"]
[Round "4"]
[White "GiorgianBarbosa"]
[Black "RobertoJBM"]
[Result "1/2-1/2"]
[WhiteElo "2411"]
[BlackElo "2778"]
[TimeControl "180+1"]
[EndTime "8:38:44 PDT"]
[Termination "Game drawn by repetition"]

1. c4 c6 2. d4 d5 3. cxd5 cxd5 4. Nc3 Nf6 5. Bf4 Qb6 6. Qd2 Nc6 7. e3 e6 8. Bd3 Be7 9. Nge2 O-O 10. h3 a6 11. O-O Bd7 12. Rfc1 Rfc8 13. Rab1 Nb4 14. a3 Nxd3 15. Qxd3 Qd8 16. b4 Ne8 17. Na2 Bb5 18. Qd2 Bc4 19. Nac3 Nd6 20. Bxd6 Bxd6 21. Na4 b6 22.
Nb2 b5 23. Nd3 Bxd3 24. Qxd3 Rc4 25. Rc3 a5 26. bxa5 Qxa5 27. Rcb3 g6 28. g3 Rac8 29.
Rxb5 Qxa3 30. Qxa3 Bxa3 31. Rb8 Kg7 32. Rxc8 Rxc8 33.
Nf4 Bd6 34. h4 Bxf4 35. gxf4 Rc7 36. Kg2 Kf6 37. Kf3 Kf5 38. h5 gxh5 39. Rg1 f6 40.
Rg8 Rc1 41. Rg7 h6 42. Rg3 Rh1 43. Kg2 Rh4 44. Kf3 Rg4 45. Rh3 h4 46. Rh1 h5 47. Rh2 e5 48. fxe5 fxe5 49. dxe5 Kxe5 50. Rh1 d4 51. exd4+ Rxd4 52. Re1+ Kf5 53. Rb1 Rg4 54. Rb5+ Kg6 55. Rb6+ Kg7 56. Rb7+ Kf6 57. Rb6+ Kg5 58. Rb5+ Kg6 59. Rb6+ Kh7 60. Rb7+ Kh6 61. Rb6+ Kg5 62.
Rb5+ Kg6 1/2-1/2

[Event "Early-Titled-Tuesday-Blitz-October-24-2023"]
[Site "Chess.com"]
[Date "2023.10.24"]
[Round "4"]
[White "amanjazu"]
[Black "luksona14"]
[Result "1-0"]
[WhiteElo "2405"]
[BlackElo "2593"]
[TimeControl "180+1"]
[EndTime "8:38:44 PDT"]
[Termination "amanjazu won by resignation"]

1. g3 Nf6 2. Bg2 e5 3. c4 c6 4.
Nc3 Bb4 5. e3 O-O 6. Nge2 d5 7.
cxd5 cxd5 8. d4 e4 9. O-O Bg4 10. h3 Be6 11. Qb3 Nc6 12. Nf4 Qd7 13. Kh2 Bxc3 14.
Qxc3 Rac8 15. Qa3 b6 16. Bd2 g5 17. Ne2 h5 18. Rac1 h4 19. gxh4 gxh4 20. Nf4 Kh7 21.
f3 Rg8 22. fxe4 Nxe4 23. Bxe4+ dxe4 24. Be1 Bxh3 25. Nxh3 Qg4 26. Rxf7+ Kh8 27. Rc2 Ne5 28. Rd2 Nf3+ 29. Rxf3 exf3 30. Qd6 Rg6 31. Qf4 Rcg8 32. Qxg4 Rxg4 33. Rf2 Rg2+ 34. Rxg2 Rxg2+ 35. Kh1 Rxb2 36. Bxh4 Rxa2 37. Ng5 Re2 38. Nxf3 Rxe3 39. Bf6+ Kg8 40. Ne5 Re4 41. Nc4 b5 42. Nd6 Re1+ 43. Kg2 b4 44.
Nb5 a5 45. d5 Kf7 46. Bd4 Rd1 47. Kf3 b3 48. Ke4 a4 49. Bc3 Ke7 50. Bb4+ Kd7 51. Bc3 Rc1 52. Kd3 Rc2 53. Na3 Ra2 54. Bb4 b2 55. Kc2 Ra1 56. Kxb2 Rh1 57. Nc2 Rh2 58. Kc3 Rh3+ 59. Kc4 Rb3 60. Nd4 Rh3 61. Nb5 Rh4+ 62. Kc5 Rh6 63. Nd4 Rh3 64. Nc6 a3 65. Ne5+ Kd8 66.
Ba5+ Kc8 67. d6 Rh7 68. Kc6 a2 69. Bc3 Ra7 70. d7+ Kd8 71. Nf7+ Ke7 72. d8=Q+ Kxf7 73. Qd5+ Ke8 74. Qh5+ Kd8 75. Qg5+ Ke8 76. Qg8+ Ke7 77. Qg7+ Kd8 78. Qxa7 1-0

[Event "Early-Titled-Tuesday-Blitz-October-24-2023"]
[Site "Chess.com"]
[Date "2023.10.24"]
[Round "4"]
[White "SnekkerAndersen"]
[Black "Szparu"]
[Result "0-1"]
[WhiteElo "2513"]
[BlackElo "2703"]
[TimeControl "180+1"]
[EndTime "8:38:47 PDT"]
[Termination "Szparu won by checkmate"]

1. d4 Nf6 2. Bf4 d5 3. e3 e6 4. Nf3 c5 5. Nbd2 Nc6 6. c3 cxd4 7. exd4 Nh5 8. Be3 Bd6 9. Bd3 Nf4 10. Bxf4 Bxf4 11. O-O O-O 12. Re1 Bd7 13. Nb3 b6 14.
a3 Rc8 15. a4 Bd6 16. Qe2 Qc7 17. Bb5 Rfe8 18. a5 Rb8 19. axb6 Qxb6 20. Bxc6 Qxc6 21. Nc5 Bxc5 22. Ne5 Qc7 23. Nxd7 Qxd7 24. dxc5 Rb3 25. Qa6 Rxb2 26. Reb1 Reb8 27. Rxb2 Rxb2 28. h3 h6 29. Qd6 Rb7 30. Qe5 Rc7 31. Ra5 f6 32. Qh5 Qe7 33. h4 e5 34. c6 Rxc6 35. Rxd5 Rxc3 36. Qf5 Rc1+ 37. Kh2 Rc7 38. Qd3 Rc8 39. Rd7 Qe6 40.
Rxa7 Qg4 41. g3 Rf8 42. Qd5+ Kh8 43. Qb7 Rg8 44. Kg2 Qf5 45. Ra4 h5 46. Qd5 Qg6 47.
Re4 Rc8 48. Qd3 Kh7 49. Qe2 Rb8 50. Re3 Rb4 51. Qd2 Rxh4 52. Qe2 Rg4 53. Kh3 Rg5 54. Re4 Qf5+ 55. Kg2 Rg4 56. Re3 h4 57. Kh3 Rxg3+ 58. Kxh4 Qg5# 0-1

[Event "Early-Titled-Tuesday-Blitz-October-24-2023"]
[Site "Chess.com"]
[Date "2023.10.24"]
[Round "4"]
[White "adotand"]
[Black "MagnusCarlsen"]
[Result "0-1"]
[WhiteElo "2851"]
[BlackElo "3268"]
[TimeControl "180+1"]
[EndTime "8:38:48 PDT"]
[Termination "MagnusCarlsen won on time"]

1. d4 c6 2. c4 Na6 3. Nc3 g6 4. h4 Nf6 5. Bf4 b5 6. e3 bxc4 7. Bxc4 Nc7 8. Nf3 Bg7 9. Ne5 Ncd5 10. h5 O-O 11. h6 Bh8 12. O-O Nxf4 13. exf4 Qb6 14.
Bb3 d6 15. Nc4 Qc7 16. Ne3 d5 17. Qf3 Qd6 18. Rfe1 Re8 19. f5 Rb8 20. Rac1 Rb4 21. Rcd1 a5 22. g4 g5 23. Nc2 Rb7 24. Re2 Kf8 25. Rde1 Ng8 26. Kg2 Nxh6 27. Qh3 Bg7 28. Re5 Ng8 29. Qxh7 Qh6 30. Qxh6 Nxh6 31. f3 e6 32.
R5e2 Rbe7 33. fxe6 fxe6 34. Ba4 Bd7 35. Rd2 Nf7 36.
b4 Nd6 37. bxa5 Nc4 38. Rde2 Ra8 39. Bb3 Nd6 40. Na4 Rxa5 41. Nc5 Rxc5 42. dxc5 Nb7 43. Nb4 Bc3 44. Nd3 Bxe1 45. Rxe1 Be8 46. Kg3 Kg7 47. f4 Kf6 48. fxg5+ Kxg5 49. Re5+ Kf6 50. g5+ Kg7 51.
a4 Bg6 52. Nf4 Nxc5 53. Nxg6 Kxg6 54. Bc2+ Kg7 55. Re1 e5 56. Bf5 e4 57. Rh1 Re5 58. Kg4 e3 59. a5 d4 60. g6 e2 61. Rh7+ Kg8 62. Rc7 e1=Q 63. Rc8+ Re8 0-1

[Event "Early-Titled-Tuesday-Blitz-October-24-2023"]
[Site "Chess.com"]
[Date "2023.10.24"]
[Round "4"]
[White "JiaHaoxiang"]
[Black "Chessmissile07"]
[Result "1-0"]
[WhiteElo "2596"]
[BlackElo "2899"]
[TimeControl "180+1"]
[EndTime "8:38:49 PDT"]
[Termination "JiaHaoxiang won by checkmate"]

1. d4 d5 2. Bf4 Nf6 3. Nf3 c5 4. dxc5 Qa5+ 5. Nbd2 e6 6. e3 Bxc5 7. c4 O-O 8. a3 dxc4 9. Bxc4 Be7 10. O-O Nc6 11.
b4 Qh5 12. h3 Nd5 13. Bg3 Rd8 14.
Qc2 Qg6 15. Bd3 Qh6 16. b5 Ncb4 17. axb4 Nxb4 18. Bxh7+ Qxh7 19. Qxh7+ Kxh7 20. b6 a6 21. Rfd1 Bd7 22. Bc7 Re8 23. Ne5 Bb5 24. Nxf7 Nd5 25.
Nf3 Nxc7 26. bxc7 Rec8 27. N7g5+ Bxg5 28. Nxg5+ Kg6 29. Nxe6 Kf6 30. Rd6 Ke7 31. Rad1 a5 32. Rb6 Bc6 33. Nxg7 Rxc7 34. Nf5+ Kf8 35. Nd4 a4 36.
Ne6+ Ke7 37. Nxc7 Ra5 38. e4 a3 39. Nd5+ Kd6 40. Ne3+ Kc5 41. Rb3 b5 42. Rc1+ Kd6 43.
Nf5+ Kd7 44. Rd3+ Ke8 45. Ra1 b4 46. Rb3 Ra4 47. Nd4 Bd7 48. Nc2 Ke7 49. Rxb4 Ra6 50. Rb3 Rc6 51. Nxa3 Be6 52. Rg3 Kf6 53. Nb5 Rc4 54.
f3 Rb4 55. Nd6 Ke5 56. Nf5 Kf4 57. Rg4+ Ke5 58. Rg5 Kf4 59. h4 Rb2 60. Ng3 Ke3 61. Nf1+ Kf4 62. Ra3 Bb3 63. Rf5# 1-0

[Event "Early-Titled-Tuesday-Blitz-October-24-2023"]
[Site "Chess.com"]
[Date "2023.10.24"]
[Round "4"]
[White "abhidabhi"]
[Black "lefonghua"]
[Result "1-0"]
[WhiteElo "2892"]
[BlackElo "2663"]
[TimeControl "180+1"]
[EndTime "8:38:57 PDT"]
[Termination "abhidabhi won by resignation"]

1. b3 Nf6 2. Bb2 g6 3. g3 Bg7 4. Bg2 O-O 5. c4 c5 6. Nf3 Nc6 7. d4 d6 8. d5 Na5 9. O-O a6 10.
Nbd2 b5 11. Bc3 Rb8 12. e4 e6 13. Qc2 exd5 14. cxd5 b4 15. Bb2 Re8 16. Rfe1 Bg4 17.
h3 Bxf3 18. Nxf3 Nd7 19. Bxg7 Kxg7 20. a3 c4 21. axb4 Nxb3 22. Rxa6 Nb6 23. Bf1 Qf6 24. Kg2 Qxf3+ 25. Kxf3 Nd4+ 26. Kg2 Nxc2 27. Rb1 Rxe4 28.
Ra2 Ne1+ 29. Kg1 Nd3 30. Rd2 Rd4 31. b5 Nxd5 32. Rc2 Nb6 33. Rd1 d5 34. Be2 Nd7 35. Rb1 N3c5 36. Kf1 f5 37. Ra2 Rb6 38. Ke1 Re4 39.
Kd1 Re8 40. Ra7 Reb8 41. Bf3 Rxb5 42. Rxb5 Rxb5 43. Bxd5 Rb6 44. Bxc4 Rd6+ 45. Ke2 Kf6 46. f4 Ne4 47. g4 fxg4 48. hxg4 h6 49. Ke3 Nec5 50.
Ra8 Rd1 51. Rh8 Rh1 52. g5+ Kg7 53. Rg8+ Kh7 54. f5 Rh3+ 55. Ke2 Rh2+ 56. Kf1 hxg5 57. fxg6+ Kh6 58. Rh8+ Kxg6 59. Rxh2 Ne4 60. Bd3 Nf6 61. Ke2 Kf5 62. Kf3 g4+ 63. Ke3 Ke5 64. Bxe4 Nxe4 65. Rh5+ Kf6 66. Kxe4 g3 67. Kf3 1-0

[Event "Early-Titled-Tuesday-Blitz-October-24-2023"]
[Site "Chess.com"]
[Date "2023.10.24"]
[Round "4"]
[White "ProfessorChess101"]
[Black "Susal_De_Silva"]
[Result "1-0"]
[WhiteElo "2543"]
[BlackElo "2734"]
[TimeControl "180+1"]
[EndTime "8:38:57 PDT"]
[Termination "ProfessorChess101 won by resignation"]

1. c4 g6 2. d4 Bg7 3. Nf3 d6 4. Nc3 Nd7 5. g3 b6 6. Bg2 Bb7 7. O-O e6 8. e4 Ne7 9. Be3 h6 10. Qd2 g5 11. h3 Ng6 12. d5 e5 13. b4 O-O 14. Nh2 Nf6 15. a4 a5 16. bxa5 Rxa5 17. Nb5 Bc8 18. Qe2 Bd7 19. Bd2 Ra8 20. a5 bxa5 21. Rxa5 Bxb5 22. cxb5 Nd7 23. Rc1 Nc5 24. Rxa8 Qxa8 25. Be3 Qa3 26. Qc2 Nb3 27. Rb1 Nd4 28.
Qxc7 Bf6 29. b6 Bd8 30. Qc4 Qa8 31. b7 Qb8 32. Ng4 h5 33. Nh6+ Kh7 34. Nf5 Bf6 35. Bf1 h4 36. Nxd4 exd4 37. Bxd4 Bxd4 38. Qxd4 Ne5 39. Qd1 Kg6 40. Be2 f5 41. exf5+ Rxf5 42. Bd3 Nxd3 43. Qxd3 hxg3 44. Qxg3 Rf7 45. Qd3+ Kh6 46.
Qa6 g4 47. Qa8 Rf8 48. Qxb8 Rxb8 49. hxg4 Kg5 50. f3 Kf4 51. Kg2 Ke5 52. Kg3 Kxd5 53. g5 Ke5 54. Kg4 d5 55. f4+ Ke4 56. g6 d4 57. Kg5 d3 58. g7 d2 59. Rd1 Ke3 60. Rxd2 Kxd2 61. f5 Rxb7 62. g8=Q Kc2 63. Qc4+ Kb2 64. f6 Rb3 65. Qxb3+ Ka1 66. Qb5 1-0

[Event "Early-Titled-Tuesday-Blitz-October-24-2023"]
[Site "Chess.com"]
[Date "2023.10.24"]
[Round "4"]
[White "Tssunami"]
[Black "Carow-Kann"]
[Result "0-1"]
[WhiteElo "2428"]
[BlackElo "2660"]
[TimeControl "180+1"]
[EndTime "8:38:57 PDT"]
[Termination "Carow-Kann won by checkmate"]

1. d4 Nf6 2. c4 g6 3. Nc3 d5 4. cxd5 Nxd5 5. e4 Nxc3 6. bxc3 Bg7 7. Nf3 c5 8. Bb5+ Bd7 9. Rb1 O-O 10. O-O b6 11. Be3 Bxb5 12. Rxb5 Qd7 13. Rb1 cxd4 14. cxd4 Qe6 15. Qc2 Rc8 16. Qd3 Qxa2 17.
e5 Qd5 18. Rb5 Qc4 19. Qb1 Nd7 20. Rc1 Qa4 21. Rxc8+ Rxc8 22. e6 fxe6 23. Ng5 Qc2 24. Qf1 Qc4 25. Qb1 Nf8 26. h4 h6 27. Nh3 Qc2 28. Qe1 Rc3 29. Nf4 Rb3 30. Rxb3 Qxb3 31.
Qc1 Bf6 32. h5 g5 33. Ng6 Nxg6 34. hxg6 Kg7 35. Qc8 e5 36. dxe5 Bxe5 37. g3 Qb1+ 38. Kg2 Qxg6 39. Qd7 Qd6 40. Qxa7 b5 41. Qb7 b4 42.
Kh2 Bc3 43. Qb5 Qe6 44. Kg2 b3 45. Qd3 Qc6+ 46. Kh2 b2 47. Bd4+ Bxd4 48. Qxd4+ Qf6 49.
Qb4 Qxf2+ 50. Kh3 Qf6 51. Kh2 Kf7 52. Qb3+ Ke8 53. Qb8+ Kd7 54. Qb5+ Kd6 55. Kh3 h5 56. Kh2 Qe5 57. Qb6+ Kd7 58. Qb7+ Ke6 59. Qb3+ Kf6 60. Qb6+ Kg7 61. Qb7 h4 62. Kh1 Qe1+ 63. Kh2 b1=Q 64. g4 Qg3# 0-1

[Event "Early-Titled-Tuesday-Blitz-October-24-2023"]
[Site "Chess.com"]
[Date "2023.10.24"]
[Round "4"]
[White "NMJeevanK"]
[Black "Alina_Gumerovna"]
[Result "1-0"]
[WhiteElo "2589"]
[BlackElo "2100"]
[TimeControl "180+1"]
[EndTime "8:38:57 PDT"]
[Termination "NMJeevanK won by resignation"]

1. e4 e6 2. d4 d5 3. e5 c5 4. c3 Nc6 5. Nf3 Qb6 6. Bd3 cxd4 7. cxd4 Bd7 8. O-O Nxd4 9. Nxd4 Qxd4 10. Nc3 Qxe5 11.
Re1 Qd6 12. Qf3 Nf6 13. Bf4 Qb6 14. a4 Be7 15. Be5 O-O 16. Qh3 h6 17. Re3 Qxb2 18. Ne4 Qxa1+ 19. Bxa1 dxe4 20. Bxf6 Bxf6 21. Bxe4 Rac8 22.
g3 Rc1+ 23. Kg2 Bc6 24. Qg4 Bxe4+ 25. Qxe4 Rc7 26. a5 b6 27. a6 Rd8 28. Qf3 Rd5 29. h4 Rc2 30. Rd3 Rf5 31. Qa8+ Kh7 32. Rf3 Rxf3 33.
Kxf3 Rc3+ 34. Kg2 Rc7 35. f4 Re7 36. Kf3 e5 37. Qe4+ g6 38. f5 g5 39. hxg5 hxg5 40. Qc6 Kg7 41. Ke4 g4 42. Qb7 Bg5 43. Qc8 Bf6 44.
Qc2 Bg5 45. Qe2 Bf6 46. Qxg4+ Kf8 47. Qd1 Kg7 48. Qd6 Bg5 49. g4 Bf6 50. Qc6 Bg5 51.
Qb7 Bf6 52. Qc8 Bg5 53. Qc2 Bf6 54. Qd2 Rc7 55. g5 Rc4+ 56. Kf3 Rf4+ 57. Kg3 Bxg5 58.
Qd5 Rxf5 59. Kg4 Kg6 60. Qe4 Bf6 61. Qxf5+ Kg7 62. Qe4 Kf8 63. Kf5 Ke7 64. Qb7+ 1-0

[Event "Early-Titled-Tuesday-Blitz-October-24-2023"]
[Site "Chess.com"]
[Date "2023.10.24"]
[Round "4"]
[White "Zavgorodniy_Sergiy"]
[Black "Happy1712Drummer"]
[Result "1-0"]
[WhiteElo "2693"]
[BlackElo "2398"]
[TimeControl "180+1"]
[EndTime "8:38:58 PDT"]
[Termination "Zavgorodniy_Sergiy won on time"]

1. d4 d5 2. c4 e6 3. Nf3 c5 4.
dxc5 Bxc5 5. e3 Nf6 6. a3 dxc4 7. Bxc4 Qxd1+ 8. Kxd1 a6 9. b4 Be7 10. Bb2 b5 11.
Bb3 Bb7 12. Nbd2 Nbd7 13. Ke2 O-O 14. Rac1 Rac8 15. h3 h6 16. Rhd1 Rfd8 17. g4 Nd5 18. Ne5 Nxe5 19. Bxe5 Bf6 20. Bxf6 Nxf6 21. Nf3 Rxd1 22.
Rxc8+ Bxc8 23. Bxd1 Nd5 24. Kd3 Bb7 25. Kd4 Kf8 26. Kc5 Ke7 27. Nd4 Kd7 28. Bf3 Kc7 29. Bxd5 Bxd5 30. f3 Bc4 31. f4 g6 32. g5 hxg5 33.
fxg5 Bd5 34. h4 Be4 35. Ne2 Bd5 36. Nf4 Bc4 37. h5 gxh5 38. Nxh5 Bd5 39. Nf6 Bf3 40. e4 Bg2 41. e5 Bc6 42. Nh5 Bd7 43. Ng3 Bc6 44.
Nh5 Bh1 45. g6 fxg6 46. Nf4 g5 47. Nxe6+ Kd7 48. Nxg5 Bb7 49. Kb6 Bc8 50. Ne4 Ke6 51. Nc5+ Kxe5 52. Nxa6 Bd7 53. Nc7 Kd6 54. Nxb5+ Kd5 55.
a4 Kc4 56. Nd6+ Kxb4 57. a5 Bh3 58. a6 Bg2 59. Nb7 1-0

[Event "Early-Titled-Tuesday-Blitz-October-24-2023"]
[Site "Chess.com"]
[Date "2023.10.24"]
[Round "4"]
[White "draksbg"]
[Black "Nitzan_Steinberg"]
[Result "0-1"]
[WhiteElo "2625"]
[BlackElo "2883"]
[TimeControl "180+1"]
[EndTime "8:39:01 PDT"]
[Termination "Nitzan_Steinberg won by resignation"]

1. e4 c5 2. Nf3 e6 3. d3 Nc6 4. g3 d5 5. Nbd2 Be7 6. Bg2 g5 7. O-O g4 8. Ne1 h5 9. c3 Nf6 10. f4 gxf3 11. Nexf3 dxe4 12. dxe4 b6 13. Qe2 Bb7 14. e5 Ng4 15. Nc4 Ba6 16. Bf4 Qc8 17. Rad1 Na5 18. b3 Nxc4 19. bxc4 Bb7 20. Bg5 Qc7 21.
h3 Nh6 22. Bxe7 Qxe7 23. Nh4 Rg8 24. Kh2 Rg5 25. Rf6 Ng8 26. Rf4 Rb8 27. Rdf1 Bxg2 28. Nxg2 Nh6 29. Nh4 Qc7 30. Rf6 Rxe5 31. Qd2 Nf5 32.
Nxf5 exf5 33. Qg5 Re2+ 34. Kg1 Qe7 35. Qg8+ Qf8 36. Qg5 Qe7 37. Qg8+ Kd7 38. Rd1+ Kc7 39. Qxf7 Qxf7 40. Rxf7+ Kc6 41. Rf6+ Kb7 42. Rd7+ Ka6 43. Rff7 Ra8 44. a4 Re4 45. Rxf5 Rxc4 46. Rxh5 Rxa4 47. h4 Kb5 48. Kg2 Rc4 49. Kh3 a5 50. Rh6 a4 51.
Rb7 Ra6 52. Rf6 a3 53. Rf1 a2 54. Ra1 Rxc3 55. h5 Rb3 56. h6 Rb1 57. Rxa2 Rxa2 58.
Kh4 Rh1+ 59. Kg5 Rah2 60. g4 Rxh6 61. Kf4 c4 0-1

[Event "Early-Titled-Tuesday-Blitz-October-24-2023"]
[Site "Chess.com"]
[Date "2023.10.24"]
[Round "4"]
[White "ImBushchess"]
[Black "Cecile-Haussernot"]
[Result "1-0"]
[WhiteElo "2254"]
[BlackElo "2497"]
[TimeControl "180+1"]
[EndTime "8:39:01 PDT"]
[Termination "ImBushchess won by checkmate"]

1. Nf3 Nf6 2. g3 d5 3. Bg2 c5 4. O-O Nc6 5. d3 e5 6. Nbd2 Bd6 7. e4 O-O 8. exd5 Nxd5 9. Nc4 Bc7 10. a4 a6 11. Bd2 Rb8 12. Re1 Re8 13. a5 Bg4 14. h3 Bh5 15. Qc1 Qd7 16. Ng5 f5 17.
Be3 h6 18. Nf3 e4 19. Nfd2 exd3 20. cxd3 Ndb4 21. Nb3 Nxd3 22. Nxc5 Nxc5 23. Bxc5 Nd4 24. Bxd4 Qxd4 25. Ne3 f4 26. Qxc7 fxe3 27. Rxe3 Rxe3 28. Qxb8+ Re8 29. Qxb7 Re2 30. Qd5+ Qxd5 31. Bxd5+ Kf8 32.
Bc4 Rxb2 33. Bxa6 Bf3 34. Bf1 Rb8 35. a6 Ra8 36. a7 Ke7 37. Ra3 Bd5 38. Bg2 Ke6 39.
Bxd5+ Kxd5 40. f4 Ke4 41. Kg2 g6 42. Ra4+ Ke3 43. Ra6 h5 44. Ra5 h4 45. gxh4 Kxf4 46. Kf2 Ke4 47. Kg3 Ke3 48. Kg4 Ke4 49. Kg5 Kf3 50.
Kxg6 Kg3 51. h5 Rg8+ 52. Kf7 Ra8 53. h6 Kxh3 54. h7 Kg4 55. Kg7 Kf4 56. h8=Q Rxh8 57.
Kxh8 Ke4 58. a8=Q+ Kd4 59. Qd8+ Kc4 60. Qc7+ Kd4 61. Qd6+ Kc4 62. Rc5+ Kb4 63. Qb6+ Ka4 64. Ra5# 1-0